 Dungeon Crawl Stone Soup version 0.28.0-53-g5a82cb258f (webtiles) character file.

Game seed: 616266942381753456

11314 Sin92 the Fighter (level 11, -1/133 HPs)
             Began as a Demonspawn Fighter on June 28, 2022.
             Was the Champion of Okawaru.
             Slain by a red ugly thing (5 damage)
             ... on level 10 of the Dungeon.
             The game lasted 00:31:19 (12048 turns).

Sin92 the Fighter (Demonspawn Fighter)             Turns: 12048, Time: 00:31:20

Health: -1/133     AC: 25    Str: 20    XL:     11   Next: 47%
Magic:  0/15       EV:  6    Int:  9    God:    Okawaru [******]
Gold:   494        SH: 12    Dex: 14    Spells: 10/10 levels left

rFire   + . .      SeeInvis .   a - +2 war axe
rCold   + . .      Faith    +   w - +1 kite shield
rNeg    . . .      Spirit   +   v - +0 plate armour
rPois   +          Reflect  .   (helmet restricted)
rElec   +          Harm     .   f - +0 cloak
rCorr   +          Rampage  .   x - +0 pair of gloves
Will    .....                   (no boots)
Stlth   ..........              l - amulet of faith
HPRegen 0.32/turn               (no ring)
MPRegen 0.28/turn               (no ring)

@: mighty, berserking, resistant, sanguine armoured, very quick
A: horns 2, spiny 1, magic shield, magic regeneration, sanguine armour 2
a: Renounce Religion, Heroism, Finesse, Duel


You were on level 10 of the Dungeon.
You worshipped Okawaru.
Okawaru was exalted by your worship.
You visited 2 branches of the dungeon, and saw 11 of its levels.

You collected 494 gold pieces.

Inventory:

Hand Weapons
 a - a +2 war axe (weapon)
 n - a +0 vampiric spear
Missiles
 q - 8 throwing nets (quivered)
Armour
 b - a +0 scale mail
 c - a +0 buckler
 f - a +0 cloak (worn)
 v - a +0 plate armour (worn)
 w - a +1 kite shield (worn)
 x - a +0 pair of gloves (worn)
Jewellery
 g - an amulet of the acrobat
 l - an amulet of faith (around neck)
 m - the ring "Astadast" {Ice rPois Will++ Int-5 Slay-4}
   (You found it on level 4 of the Dungeon)

   [ring of ice]

   It enhances your ice magic.
   Int:       It affects your intelligence (-5).
   Slay:      It affects your accuracy & damage with ranged weapons and melee
   (-4).
   rF:        It makes you vulnerable to fire.
   rC:        It protects you from cold.
   rPois:     It protects you from poison.
   Will:      It greatly increases your willpower.
Wands
 k - a wand of paralysis (2)
 r - a wand of acid (8)
 u - a wand of iceblast (8)
 z - a wand of mindburst (5)
 B - a wand of polymorph (4)
Scrolls
 e - 3 scrolls of blinking
 o - a scroll of amnesia
 s - 3 scrolls of teleportation
 y - a scroll of identify
Potions
 d - a potion of might
 h - a potion of invisibility
 j - a potion of mutation
 p - a potion of flight
 t - 2 potions of brilliance
 A - a potion of resistance


   Skills:
 + Level 9.2 Fighting
 + Level 8.1 Axes
 + Level 8.3 Armour
 + Level 4.2 Dodging
 + Level 8.3 Shields
 + Level 6.1 Invocations


You had 10 spell levels left.
You didn't know any spells.
Your spell library contained the following spells:

 Spells                   Type           Power      Damage    Failure   Level
 Freeze                   Ice            0%         1d3       100%        1
 Sandblast                Erth           0%         2d4       100%        1
 Slow                     Hex            0%         N/A       100%        1
 Passwall                 Tmut/Erth      0%         N/A       100%        2
 Confusing Touch          Hex            0%         N/A       100%        3
 Dazzling Flash           Conj/Hex       0%         N/A       100%        3
 Frozen Ramparts          Ice            0%         1d2       100%        3
 Stone Arrow              Conj/Erth      0%         3d7       100%        3
 Vampiric Draining        Necr           0%         2d6       100%        3
 Hailstorm                Conj/Ice       0%         3d3       100%        4
 Ice Form                 Ice/Tmut       0%         N/A       100%        4
 Iskenderun's Mystic Bla  Conj/Tloc      0%         2d3       100%        4
 Starburst                Conj/Fire      0%         6d3       100%        6
 Simulacrum               Ice/Necr       Unusable   N/A       N/A         6

Dungeon Overview and Level Annotations

Branches:
Dungeon (10/15)            Temple (1/1) D:5            Lair (0/6) D:9
    Orc: D:9-12

Altars:
Ashenzari
Cheibriados
Dithmenos
Elyvilon
Fedhas
Gozag
Kikubaaqudgha
Makhleb
Okawaru
Qazlal
Ru
Sif Muna
Trog
Uskayaw
Vehumet
Wu Jian
Xom
Yredelemnul
Zin
The Shining One

Shops:
D:6 ?

Annotations:
D:5 3 runed translucent doors, EyeSee2020's ghost, novice GrEE


Innate Abilities, Weirdness & Mutations

You have a pair of horns on your head.
You are partially covered in sharp spines.
When hurt, damage is shared between your health and your magic reserves.
You regenerate magic rapidly.
When seriously injured, your blood forms thick armour. (AC +9)


Message History

The ogre mage is almost dead.
The ogre mage is struck by your spines.
The ogre mage hits you but does no damage.
You slash the ogre mage!
You kill the ogre mage!
Okawaru is honoured by your kill.
Your Axes skill increases to level 8!
You slash the two-headed ogre! You headbutt the two-headed ogre.
The two-headed ogre is heavily wounded.
You block the two-headed ogre's attack. x2
You hit the two-headed ogre. You headbutt the two-headed ogre!
The two-headed ogre is almost dead.
The two-headed ogre is struck by your spines.
The two-headed ogre hits you with a +0 giant club.
* * * LOW HITPOINT WARNING * * *
The two-headed ogre hits you with a +0 giant club!!
* * * LOW HITPOINT WARNING * * *
Okay, then.
You barely miss the two-headed ogre. You headbutt the two-headed ogre.
You kill the two-headed ogre!
Okawaru is honoured by your kill.
Your Invocations skill increases to level 6!
A red film seems to cover your vision as you go berserk!
You feel yourself moving faster!
You feel mighty!
The red ugly thing gores you but does no damage.
You slash the red ugly thing!
Your headbutt misses the red ugly thing.
The red ugly thing is lightly wounded.
The red ugly thing gores you but does no damage.
You closely miss the red ugly thing.
The red ugly thing is lightly wounded.
You block the red ugly thing's attack.
You barely miss the red ugly thing.
The red ugly thing is lightly wounded.
The gnoll sergeant hits you but does no damage.
The red ugly thing is struck by your spines.
The red ugly thing gores you.
* * * LOW HITPOINT WARNING * * *
You are engulfed in flames!
You resist.
You die...

####### #(###.# #..#
#.O...# #.## #####.# #.#
#.# #...... #.# #Z# #.....
#.# #Z#### #...>. #<#
#Yg..# #.[#.# #.# #u##.#
#..#.# #.#
###@##.####..#.##
#.#######.<[............###
#.........####............#
########### #######.#..#.#
#.#..#.## #.#..# ..
#.#..#### #......<.
###..####


You could see a red ugly thing, a yak, a gnoll sergeant and 2 centaur warrior
zombies.

Vanquished Creatures
  An ogre mage (D:10)
  Erica (D:9)
  2 two-headed ogres (D:10)
  Pikel (D:6)
  Maurice (D:10)
  Joseph (D:8)
  An unseen horror (D:10)
  A troll (D:10)
  2 hornets
  A meliai zombie (D:10)
  Sigmund (D:2)
  2 shadows
  8 yaks
  A basilisk (D:10)
  4 vampire mosquitoes (D:10)
  3 water moccasins (D:6)
  5 orc warriors
  An ice beast (D:6)
  2 black bears (D:5)
  4 sky beasts
  2 necrophages (D:5)
  2 wolves (D:6)
  2 centaurs (D:7)
  An ogre (D:6)
  3 phantoms
  2 kobold brigands
  4 scorpions
  2 gnoll sergeants (D:6)
  A water moccasin zombie (D:5)
  A killer bee (D:10)
  4 wights (D:7)
  6 howler monkeys
  A bullfrog zombie (D:5)
  2 centaur zombies (D:8)
  6 hounds
  A centaur skeleton (D:7)
  6 orc priests
  4 gnoll shamans
  A jelly (D:7)
  Terence (D:2)
  10 orc wizards
  A killer bee zombie (D:8)
  A hound skeleton (D:4)
  A howler monkey zombie (D:9)
  7 adders
  26 gnolls
  A white imp (D:4)
  An ufetubus (D:4)
  2 worms
  2 dart slugs
  30 orcs
  5 endoplasms
  3 giant cockroaches
  6 goblins
  6 hobgoblins
  6 jackals
  14 kobolds
  6 quokkas
  10 ball pythons
  4 bats
  2 frilled lizards
  3 rats (D:1)
242 creatures vanquished.

Vanquished Creatures (others)
  A wizard (D:9)
  2 plants (D:5)
3 creatures vanquished.

Grand Total: 245 creatures vanquished

Notes
Turn   | Place    | Note
-------+----------+-------------------------------------------
     0 | D:1      | Sin92 the Demonspawn Fighter began the quest for the Orb.
     0 | D:1      | Reached XP level 1. HP: 18/18 MP: 1/1
   434 | D:1      | Gained mutation: You have a pair of small horns on your
                  | head. [demonic ancestry]
   434 | D:1      | Reached XP level 2. HP: 2/24 MP: 2/2
  1109 | D:1      | Reached XP level 3. HP: 29/29 MP: 3/3
  1213 | D:2      | Noticed Terence
  1218 | D:2      | Killed Terence
  1369 | D:2      | Gained mutation: When seriously injured, your blood forms
                  | armour. (AC +9) [demonic ancestry]
  1369 | D:2      | Reached XP level 4. HP: 35/35 MP: 4/4
  1525 | D:2      | Noticed Sigmund
  1537 | D:2      | Killed Sigmund
  1538 | D:2      | Reached skill level 4 in Fighting
  1538 | D:2      | Reached XP level 5. HP: 23/42 MP: 5/5
  2012 | D:3      | Gained mutation: You regenerate magic rapidly. [demonic
                  | ancestry]
  2012 | D:3      | Reached XP level 6. HP: 32/48 MP: 6/6
  2159 | D:3      | Found an ornate altar of the Wu Jian Council.
  2290 | D:3      | Found a stormy altar of Qazlal.
  2418 | D:3      | Noticed a +0 falchion
  2419 | D:3      | Noticed a +0 falchion
  2420 | D:3      | Noticed a +0 dagger
  2420 | D:3      | Noticed a +0 short sword
  2420 | D:3      | Noticed a +0 spear
  2421 | D:3      | Noticed a +0 spear
  2421 | D:3      | Noticed a +0 dagger
  2421 | D:3      | Noticed a +0 short sword
  2423 | D:3      | Found a hide-covered altar of Uskayaw.
  2680 | D:3      | Found a snail-covered altar of Cheibriados.
  3388 | D:4      | Identified the ring "Astadast" {Ice rPois Will++ Int-5
                  | Slay-4}
  3852 | D:4      | Gained mutation: When hurt, damage is shared between your
                  | health and your magic reserves. [demonic ancestry]
  3852 | D:4      | Reached XP level 7. HP: 39/55 MP: 7/7
  4479 | D:5      | Entered Level 5 of the Dungeon
  4491 | D:4      | Reached skill level 5 in Fighting
  4747 | D:5      | Found a staircase to the Ecumenical Temple.
  4754 | D:5      | Reached skill level 5 in Shields
  4754 | D:5      | Gained mutation: You have a pair of horns on your head.
                  | [demonic ancestry]
  4754 | D:5      | Reached XP level 8. HP: 25/63 MP: 4/8
  4764 | D:5      | Reached skill level 5 in Armour
  4798 | Temple   | Entered the Ecumenical Temple
  5175 | Temple   | Became a worshipper of Warmaster Okawaru
  5546 | D:5      | Found a runed translucent gate.
  5546 | D:5      | Found a runed translucent gate.
  5546 | D:5      | Found a runed translucent gate.
  5745 | D:5      | Reached skill level 5 in Axes
  5792 | D:5      | Reached skill level 6 in Fighting
  5815 | D:5      | Reached * piety under Okawaru
  6007 | D:5      | Found an opulent altar of Gozag.
  6009 | D:5      | Noticed EyeSee2020's ghost (novice GrEE)
  6193 | D:6      | HP: 1/64 [wolf (5)]
  6692 | D:6      | Reached XP level 9. HP: 71/71 MP: 9/9
  6923 | D:6      | Noticed Pikel
  7022 | D:5      | Reached ** piety under Okawaru
  7105 | D:6      | Reached skill level 7 in Fighting
  7192 | D:6      | Killed Pikel
  7541 | D:6      | Reached *** piety under Okawaru
  7622 | D:6      | Found Iruahoex's Magic Scroll Shoppe.
  8500 | D:7      | Found a basalt altar of Yredelemnul.
  8563 | D:7      | Reached skill level 1 in Invocations
  8577 | D:7      | Gained mutation: You are partially covered in sharp spines.
                  | [demonic ancestry]
  8577 | D:7      | Reached XP level 10. HP: 37/73 MP: 8/11
  8803 | D:7      | Found a burning altar of Makhleb.
  8937 | D:7      | Reached skill level 1 in Dodging
  9301 | D:8      | Found an ancient bone altar of Kikubaaqudgha.
  9331 | D:8      | Paralysed by a hornet for 3 turns
  9476 | D:8      | Reached **** piety under Okawaru
  9498 | D:8      | Reached skill level 8 in Fighting
 10011 | D:8      | Noticed Joseph
 10025 | D:8      | Killed Joseph
 10334 | D:9      | Found a staircase to the Lair.
 10809 | D:9      | Noticed Erica
 10823 | D:9      | Killed Erica
 10823 | D:9      | Reached ***** piety under Okawaru
 11240 | D:9      | Found a bloodstained altar of Trog.
 11525 | D:9      | Found a bloodstained altar of Trog.
 11526 | D:9      | Noticed a wizard
 11531 | D:9      | Killed a wizard
 11825 | D:10     | Entered Level 10 of the Dungeon
 11980 | D:10     | Noticed a two-headed ogre
 11989 | D:10     | Noticed Maurice
 12002 | D:10     | Gained mutation: When seriously injured, your blood forms
                  | thick armour. (AC +9) [demonic ancestry]
 12002 | D:10     | Reached XP level 11. HP: 49/87 MP: 8/14
 12007 | D:10     | Reached skill level 5 in Invocations
 12017 | D:10     | Killed a two-headed ogre
 12018 | D:10     | Noticed a two-headed ogre
 12023 | D:10     | Noticed an ogre mage
 12025 | D:10     | Killed Maurice
 12025 | D:10     | Identified the +0 robe "Qaolubbe" {rN+} (Okawaru gifted it
                  | to you on level 10 of the Dungeon)
 12025 | D:10     | Received a gift from Okawaru
 12026 | D:10     | Reached skill level 9 in Fighting
 12030 | D:10     | Noticed a red ugly thing
 12041 | D:10     | Killed an ogre mage
 12043 | D:10     | HP: 3/89 [two-headed ogre/+0 giant club (14)]
 12044 | D:10     | Killed a two-headed ogre
 12044 | D:10     | Reached ****** piety under Okawaru
 12048 | D:10     | HP: 4/133 [red ugly thing (3)]
 12048 | D:10     | Slain by a red ugly thing

Illustrated notes

Levels and vault maps discovered:
D:1:      eino_arrival_cavern_b, layout_rooms
D:2:      layout_loops_ring, uniq_terence, uniq_sigmund
D:3:      layout_loops_corners, nicolae_uskayaw_en_pointe,
          mainiacjoe_overflow_catch_the_wave, cheibriados_altar_2,
          chequers_serial_rivers_large_a
D:4:      layout_rooms, minmay_crystal_water, st_stairs_10
D:5:      layout_loops_ring, minmay_temple_entry_statues_fountains,
          serial_bayou, serial_bayou_pond_d, serial_bayou_shore_a,
          serial_bayou_crossing, serial_bayou_pond_a, ebering_ghost_gozag,
          nicolae_ossuary_entry_ruins, eino_small_chamber_without_monster
D:6:      layout_cave_pools, serial_gnoll_camp, gnoll_camp_mini_doghouse,
          gnoll_camp_medium_02, gnoll_camp_mini_doghouse, gnoll_camp_medium_01,
          gnoll_camp_mini_loothouse, serial_shops, shop, uniq_pikel
D:7:      layout_basic, makhleb_blood_cavern_becter,
          nicolae_overflow_crystal_walls
D:8:      layout_loops_cross, kiku_gazebo_pond_becter, uniq_joseph
D:9:      layout_roguey, trog_wizard, kennysheep_flooded_box,
          patterned_corridor, uniq_erica
D:10:     layout_loops_ring, chequers_temple_overflow_statue_of_worship,
          nzn_random_ring, uniq_maurice
Temple:   hc_temple_tempest_star

Skill      XL: |  1  2  3  4  5  6  7  8  9 10 11 |
---------------+----------------------------------+-----
Axes           | 2 3 4 5 6 7 8 |  8.1
Shields        | 3 4 5 6 7 8 |  8.3
Armour         | 3 4 5 7 8 |  8.3
Fighting       | 4 5 6 7 8 9 |  9.2
Invocations    | 1 4 6 |  6.1
Dodging        | 3 4 |  4.2

Action                   |  1- 3 |  4- 6 |  7- 9 | 10-12 || total
-------------------------+-------+-------+-------+-------++-------
Melee: War axe           |    78 |   169 |   403 |   258 ||   908
       Headbutt          |    11 |    27 |    72 |    66 ||   176
Invok: Heroism           |       |       |     1 |       ||     1
       Finesse           |       |       |       |     1 ||     1
  Use: Scroll            |       |     5 |     9 |     5 ||    19
       Potion            |       |       |     7 |     5 ||    12
Armor: Scale mail        |    46 |    68 |   136 |       ||   250
       Skin              |       |       |     6 |       ||     6
       Plate armour      |       |       |   139 |   110 ||   249
Dodge: Dodged            |    38 |    98 |   168 |    38 ||   342
Block: Buckler           |    15 |    37 |    98 |       ||   150
       Kite shield       |       |       |    89 |   148 ||   237
